AoeStats
← IsraDguez

Arabia

509478286Analyzed
1v1 RM · 7d ago on Sep 26, 2026· 36m 5s· 2 players
Game mode
Random Map
Map size
Tiny (2 player)
Population
200
Speed
Normal
Resources
Standard
Victory
Conquest
Starting age
Dark Age
Ending age
Imperial Age
RankedLock teamsTeams togetherTeam positionsShared explorationLock speedFull tech treeHidden civsTurbo modeCheats
Victory
Defeat
🇬🇧 Hindustanis · United Kingdom
915
+14
🇲🇽 Maya · Mexico
861
-14
IsraDguez
0:35 Loom
9:41 Feudal Age
12:54 Scale Mail Armor
12:46 Fletching
22:58 Castle Age
21:23 Double-Bit Axe
22:14 Forging
22:39 Gold Mining
23:19 Crossbowman
23:56 Pikeman
26:29 Bodkin Arrow
26:57 Thumb Ring
29:02 Chain Mail Armor
28:53 Eagle Warrior
32:13 Wheelbarrow
34:03 Arson
34:20 Squires
OneWishFish
10:22 Feudal Age
8:37 Loom
12:13 Wheelbarrow
11:24 Town Watch
11:27 Double-Bit Axe
13:05 Horse Collar
22:52 Castle Age
22:34 Forging
22:30 Scale Mail Armor
22:29 Stone Mining
25:05 Fletching
28:32 Gold Mining
31:29 Chain Mail Armor
33:08 Grand Trunk Road
33:48 Hand Cart
33:33 Town Patrol
34:20 Stone Shaft Mining
34:25 Gold Shaft Mining
34:45 Heavy Plow
35:33 Iron Casting
39:14 Imperial Age
Connection lost

Rejoining the realm…

Still unreachable

The connection could not be restored.

Session expired

The server has moved on; the page needs a fresh start.